 Dungeon Crawl Stone Soup version 0.28.0-43-g3370ac3207 (webtiles) character file.

Game seed: 7583214382182285784

3885 Cykl0x the Geomancer (level 10, -11/56 HPs)
             Began as a Gargoyle Earth Elementalist on Mar 8, 2022.
             Was an Initiate of Vehumet.
             Mangled by a dire elephant (29 damage)
             ... in a bailey.
             The game lasted 00:14:35 (9864 turns).

Cykl0x the Geomancer (Gargoyle Earth Elementalist)  Turns: 9864, Time: 00:14:37

Health: -11/56     AC: 15    Str: 13    XL:     10   Next: 19%
Magic:  18/20      EV:  9    Int: 25    God:    Vehumet [......]
Gold:   550        SH:  0    Dex: 10    Spells: 19/23 levels left

rFire   . . .      SeeInvis .   h - +0 long sword (venom)
rCold   . . .      Faith    .   (no shield)
rNeg    + . .      Spirit   .   E - +0 scale mail
rPois   ∞          Reflect  .   (no helmet)
rElec   +          Harm     .   (no cloak)
rCorr   .          Rampage  .   i - +0 pair of gloves
Will    .....                   (no boots)
Stlth   ..........              (no amulet)
HPRegen 0.18/turn               j - +6 ring of intelligence
MPRegen 0.17/turn               (no ring)

@: no status effects
A: sickness immunity, AC +7, negative energy resistance 1, electricity
resistance, torment resistance 1, petrification resistance
a: Renounce Religion


You were in a bailey.
You worshipped Vehumet.
Vehumet was noncommittal.
You visited 2 branches of the dungeon, and saw 8 of its levels.
You also visited: Sewer and Bailey.

You collected 550 gold pieces.

Inventory:

Hand Weapons
 a - a +0 short sword
 d - a +1 short sword of flaming
 h - a +0 long sword of venom (weapon)
 l - a +3 dagger of venom
 w - a +0 rapier
 A - a +0 hand axe
Missiles
 c - 158 stones
Armour
 b - a +0 robe
 i - a +0 pair of gloves (worn)
 p - a +0 ring mail
 E - a +0 scale mail (worn)
Jewellery
 j - a +6 ring of intelligence (left hand)
 m - an amulet of guardian spirit
 y - a ring of ice
 B - an amulet of the acrobat
 C - an amulet of faith
Wands
 f - a wand of flame (28)
 k - a wand of iceblast (6)
 z - a wand of polymorph (5)
Scrolls
 o - 2 scrolls of teleportation
 q - 2 scrolls of blinking
 t - 2 scrolls of magic mapping
 v - 2 scrolls of fog {unknown}
Potions
 g - 3 potions of cancellation
 n - 2 potions of brilliance
 r - a potion of invisibility
 s - 4 potions of heal wounds
 u - a potion of haste
 x - a potion of curing
 D - a potion of degeneration {unknown}


   Skills:
 + Level 3.0 Fighting
 + Level 0.8(2.0) Short Blades
 + Level 2.8(2.9) Long Blades
 + Level 4.1 Armour
 + Level 2.9 Dodging
 - Level 2.1 Stealth
 + Level 7.3 Spellcasting
 * Level 8.2 Conjurations
 - Level 0.7 Transmutations
 + Level 8.7 Earth Magic


You had 19 spell levels left.
You knew the following spells:

 Your Spells              Type           Power      Damage    Failure   Level
a - Sandblast             Erth           100%       2d20      1%          1
b - Stone Arrow           Conj/Erth      100%       3d13      2%          3

Your spell library contained the following spells:

 Spells                   Type           Power      Damage    Failure   Level
 Passwall                 Tmut/Erth      26%        N/A       6%          2
 Petrify                  Tmut/Erth      32%        N/A       38%         4
 Irradiate                Conj/Tmut      15%        3d18      77%         5
 Sublimation of Blood     Necr           Unusable   N/A       N/A         2

Dungeon Overview and Level Annotations

Branches:
Dungeon (7/15)             Temple (1/1) D:5           Sewer (visited)
 Bailey (1/1)

Altars:
Cheibriados
Dithmenos
Fedhas
Gozag
Kikubaaqudgha
Makhleb
Nemelex Xobeh
Sif Muna
Uskayaw
Vehumet
Wu Jian
Xom
Yredelemnul
Zin
Beogh

Shops:
D:2 (


Innate Abilities, Weirdness & Mutations

You are immune to sickness and miasma.
Your stone body is resilient. (AC +7)
You are immune to poison.
You resist negative energy. (rN+)
You are resistant to electric shocks. (rElec)
You are resistant to unholy torment.
You are immune to petrification.


Message History

Okay, then.
Aiming: Iceblast
Press: ? - help, Shift-Dir - straight line, f - dire elephant
Aim: a dire elephant The mass of ice explodes!
The iceblast engulfs the dire elephant!
The dire elephant is lightly wounded.
Aiming: Iceblast
Press: ? - help, Shift-Dir - straight line, f/p - dire elephant
Aim: a dire elephant (lightly wounded)
The mass of ice explodes!
The iceblast engulfs the dire elephant.
The dire elephant is lightly wounded.
You hear a shout!
You hear a croak.
The stone arrow hits the dire elephant!!
The dire elephant is moderately wounded.
The stone arrow hits the dire elephant!!
The dire elephant is heavily wounded.
The stone arrow hits the dire elephant!
The dire elephant is heavily wounded.
The dire elephant completely misses you.
The dire elephant trunk-slaps you but does no damage.
The stone arrow hits the dire elephant!
The dire elephant is heavily wounded.
The dire elephant barely misses you. The dire elephant trunk-slaps you!
The stone arrow hits the dire elephant.
The dire elephant is severely wounded.
The dire elephant closely misses you. The dire elephant trunk-slaps you.
You don't have enough magic to cast this spell.
There is an open door, spattered with blood here.
Magic courses through your body. The dire elephant tramples you!!
You stumble backwards!
Casting: Stone Arrow (dangerous; 2% risk of failure)
Confirm with . or Enter, or press ? or * to list all spells.
Aiming: Stone Arrow (dangerous; 2% risk of failure)
Press: ? - help, Shift-Dir - straight line, f/p - dire elephant
Aim: a dire elephant (heavily wounded, 100% to hit)
The stone arrow hits the dire elephant.
The dire elephant is severely wounded.
The dire elephant tramples you!!
Ouch! That really hurt!
You die...

######.)..##≈≈≈+..∩..#
≈≈≈≈≈###..######.....#
≈≈≈≈≈≈≈##)#....'..∩..#
≈≈≈≈≈≈≈ #.....)##...##
≈≈≈≈≈≈≈ #...†)).#####
.....≈≈#######)).#
......≈≈≈≈#..##).#
.....)....#..#...#
....≈≈≈≈.)Y@.#...#
.≈≈≈≈≈≈≈≈≈#.....##
≈≈≈≈####≈≈#....## ≈≈#
######### ≈


You could see a dire elephant.

Vanquished Creatures
  Grinder (D:3)
  Prince Ribbit (Bailey)
  4 humans (Bailey)
  Eustachio (D:5)
  A water moccasin (D:5)
  Duvessa (D:5)
  An orc warrior (D:6)
  2 necrophages (D:6)
  An ice beast (D:6)
  A black bear (D:6)
  2 ogres (D:5)
  A phantom (D:5)
  A wyvern zombie (D:5)
  A gnoll sergeant (D:4)
  9 bullfrogs
  A water moccasin zombie (D:5)
  3 scorpions (D:5)
  Dowan (D:5)
  3 bullfrog zombies (D:5)
  A jelly (D:4)
  3 hounds
  2 orc priests (D:3)
  4 iguanas
  A scorpion zombie (D:5)
  Ijyb (D:3)
  2 orc wizards (D:3)
  12 gnolls
  14 adders
  5 river rats
  An ufetubus (D:4)
  2 worms
  6 dart slugs
  7 orcs
  3 bats
  13 endoplasms
  A giant cockroach (D:1)
  9 goblins
  6 hobgoblins
  4 jackals (D:4)
  6 quokkas
  23 ball pythons
  3 frilled lizards
  3 kobolds
  23 rats
191 creatures vanquished.

Notes
Turn   | Place    | Note
-------+----------+-------------------------------------------
     0 | D:1      | Cykl0x the Gargoyle Earth Elementalist began the quest for
                  | the Orb.
     0 | D:1      | Reached XP level 1. HP: 10/10 MP: 3/3
   495 | D:1      | Reached XP level 2. HP: 15/15 MP: 3/5
  1076 | D:1      | Found a faded altar of an unknown god.
  1294 | D:2      | Reached skill level 1 in Conjurations
  1294 | D:2      | Reached XP level 3. HP: 19/19 MP: 2/6
  1300 | D:2      | Learned a level 3 spell: Stone Arrow
  1883 | D:2      | Found a burning altar of Makhleb.
  1888 | D:2      | Reached XP level 4. HP: 24/24 MP: 0/7
  2068 | D:2      | Reached skill level 5 in Earth Magic
  2207 | D:2      | Found Zaum's Weapon Shop.
  2286 | D:3      | Noticed Ijyb
  2294 | D:3      | Killed Ijyb
  2295 | D:3      | Reached XP level 5. HP: 10/28 MP: 0/9
  2630 | D:3      | Noticed Grinder
  2860 | D:3      | Reached XP level 6. HP: 26/32 MP: 4/11
  3298 | D:3      | Killed Grinder
  3299 | D:3      | Reached XP level 7. HP: 29/37 MP: 0/14
  3612 | D:4      | Found a glowing drain.
  3616 | Sewer    | Entered a sewer
  3788 | Sewer    | Reached skill level 5 in Spellcasting
  4565 | Sewer    | Reached skill level 1 in Fighting
  5028 | D:4      | Reached skill level 1 in Armour
  5197 | D:4      | Reached XP level 8. HP: 43/43 MP: 11/16
  5844 | D:5      | Entered Level 5 of the Dungeon
  5852 | D:5      | Reached skill level 1 in Long Blades
  6328 | D:5      | Reached skill level 5 in Conjurations
  6673 | D:5      | Noticed Dowan
  6673 | D:5      | Noticed Duvessa
  6679 | D:5      | Killed Duvessa
  6681 | D:5      | Killed Dowan
  6682 | D:5      | Reached XP level 9. HP: 47/48 MP: 1/18
  7187 | D:5      | Noticed Eustachio
  7189 | D:5      | Found a staircase to the Ecumenical Temple.
  7206 | D:5      | Killed Eustachio
  7376 | Temple   | Entered the Ecumenical Temple
  7418 | Temple   | Became a worshipper of Vehumet
  8552 | D:6      | Identified the +0 robe "Assobryl" {Int+4}
  8800 | D:6      | Found a glowing silver altar of Zin.
  9049 | D:7      | Found a flagged portal.
  9061 | Bailey   | Entered a bailey
  9551 | Bailey   | Reached XP level 10. HP: 54/54 MP: 9/20
  9755 | Bailey   | Noticed Prince Ribbit
  9759 | Bailey   | Noticed a vault guard
  9763 | Bailey   | Noticed a dire elephant
  9763 | Bailey   | a vault guard changed into a dire elephant
  9842 | Bailey   | Killed Prince Ribbit
  9864 | Bailey   | Mangled by a dire elephant

Illustrated notes

Levels and vault maps discovered:
D:1:      minmay_arrival_split_and_join, layout_basic,
          ebering_ecumenical_altar_box
D:2:      layout_rooms, serial_shops, nicolae_shop_statue_plus, basic_altar,
          minmay_ruptured
D:3:      layout_rooms, kennysheep_orc_chapel, uniq_ijyb, uniq_grinder
D:4:      layout_cave_pools, gup_sewer_entry_bowl, grunt_ministairs_12
D:5:      layout_loops_ring, minmay_temple_entry_stoned_glass, st_stairs_9,
          amcnicky_mini_pool_small, minmay_puff, uniq_duvessa, uniq_eustachio
D:6:      layout_basic, zin_treasury
D:7:      layout_basic, enter_bailey_3, serial_shops, nicolae_take_the_stairs,
          nicolae_shop_advertising_works [nicolae_subvault_shop_adworks], shop,
          nicolae_stop_n_shop_2, nicolae_shop_trees
Temple:   kb_temple_of_zot
Bailey:   bailey_axe_froggy_fort_hellmonk, bailey

Skill      XL: |  1  2  3  4  5  6  7  8  9 10 |
---------------+-------------------------------+-----
Earth Magic    | 4 5 6 7 8 |  8.7
Conjurations   | 1 2 3 5 7 8 |  8.2
Spellcasting   | 3 4 5 6 7 |  7.3
Dodging        | 2 |  2.9
Fighting       | 1 2 3 |  3.0
Armour         | 1 2 3 4 |  4.1
Long Blades    | 1 2 |  2.8
Short Blades   | |  0.8
Stealth        | |  2.1
Transmutations | |  0.7

Action                   |  1- 3 |  4- 6 |  7- 9 | 10-12 || total
-------------------------+-------+-------+-------+-------++-------
Melee: Unarmed           |     4 |       |     4 |       ||     8
       Short sword       |     6 |    15 |       |       ||    21
       Long sword        |       |       |   102 |       ||   102
       Punch             |       |       |     4 |       ||     4
 Cast: Sandblast         |    40 |    19 |    15 |     6 ||    80
       Stone Arrow       |     7 |    17 |   144 |    16 ||   184
Evoke: Wand              |       |     2 |       |     3 ||     5
  Use: Scroll            |     1 |     1 |    11 |       ||    13
       Potion            |       |     2 |     1 |     1 ||     4
Armor: Robe              |     6 |    14 |     1 |       ||    21
       Ring mail         |       |       |   107 |       ||   107
       Scale mail        |       |       |       |     5 ||     5
Dodge: Dodged            |    10 |    19 |   134 |     7 ||   170
